 Dungeon Crawl Stone Soup version 0.30.1-3-gfc49f6343a (webtiles) character file.

Game seed: 15026054566889777841

70 Mune the Trooper (level 4, -2/37 HPs)
             Began as a Demonspawn Berserker on Aug 9, 2023.
             Was a Believer of Trog.
             Slain by a jelly (3 damage)
             ... on level 2 of the Dungeon.
             The game lasted 00:02:03 (750 turns).

Mune the Trooper (Demonspawn Berserker)              Turns: 750, Time: 00:02:05

Health: -2/37      AC:  0    Str: 20    XL:     4   Next: 4%
Magic:  4/4        EV: 12    Int:  8    God:    Trog [**....]
Gold:   70         SH:  0    Dex: 18    Spells: 3/3 levels left

rFire   . . .        a - +0 hand axe
rCold   . . .        (no shield)
rNeg    . . .        b - +0 animal skin
rPois   .            (no helmet)
rElec   .            k - +0 cloak
rCorr   .            (no gloves)
SInv    .            (no boots)
Will    ++...        (no amulet)
Stlth   ++           j - +6 ring of dexterity
HPRegen 1.26/turn    (no ring)
MPRegen 0.09/turn

%: no passive effects
@: strong-willed, corroded, regenerating
A: ignite blood 1, weakness stinger 1
a: Renounce Religion, Berserk, Trog's Hand


You were on level 2 of the Dungeon.
You worshipped Trog.
Trog was pleased with you.
You visited 1 branch of the dungeon, and saw 2 of its levels.

You collected 70 gold pieces.

Inventory:

Hand Weapons
 a - a +0 hand axe (weapon)
Armour
 b - a +0 animal skin (worn)
 k - a +0 cloak (worn)
Jewellery
 j - a +6 ring of dexterity (left hand)
Scrolls
 d - a scroll of identify {unknown}
 e - a scroll of blinking {unknown}
 f - a scroll of amnesia {unknown}
 h - a scroll of enchant armour {unknown}
 l - a scroll of noise {unknown}
 m - 2 scrolls of brand weapon {unknown}
Potions
 c - a potion of might {unknown}
 g - a potion of invisibility {unknown}
 i - 2 potions of flight {unknown}
 n - a potion of attraction {unknown}


   Skills:
 * Level 3.8 Fighting
 * Level 3.4 Axes
 + Level 2.3 Armour
 - Level 2.0 Dodging


You had 3 spell levels left.
You didn't know any spells.
Your spell library was empty.

Dungeon Overview and Level Annotations

Branches:
Dungeon (2/15)

Altars:


Innate Abilities, Weirdness & Mutations

Your demonic aura sometimes causes spilled blood to erupt in flames.
You have a small tail.


Message History

Found two rat skeletons, two bat skeletons, two goblin skeletons and 5 stones.
The endoplasm quivers.
There is an open door here.
The jelly quivers.
The helpless endoplasm fails to defend itself.
You hit the endoplasm.
You kill the endoplasm!
Trog accepts your kill.
The endoplasm quivers.
You hit the fungus.
The fungus begins to die.
The endoplasm quivers.
You slash the jelly!
Your hands burn!
The jelly is heavily wounded.
You hit the endoplasm. You hit the fungus.
The endoplasm hits the fungus.
The fungus begins to die.
The endoplasm hits you. The jelly closely misses you.
The endoplasm quivers.
You hit the endoplasm but do no damage. You tail-slap the endoplasm.
You kill the endoplasm!
Trog accepts your kill.
You hit the jelly.
Your hands burn!
You hit the fungus.
The endoplasm quivers. x2
The endoplasm hits the fungus.
The jelly closely misses you.
You hit the jelly.
Your hands burn!
The jelly is almost dead.
You hit the fungus. You hit the jelly. The acid corrodes you!
Your hands burn!
A nearby fungus withers and dies.
The endoplasm hits the fungus.
The jelly hits you.
You are splashed with acid!
The endoplasm jiggles.
The jelly hits you.
* * * LOW HITPOINT WARNING * * *
You are splashed with acid!
* * * LOW HITPOINT WARNING * * *
Okay, then.
Your skin crawls.
You feel strong-willed.
The endoplasm quivers.
The endoplasm hits you.
* * * LOW HITPOINT WARNING * * *
The endoplasm hits the fungus.
The jelly hits you.
You die...

..#####.##.......##.........##...
..# #.##.......####.......##.##
..# #.##.[.....# ########.).# ..#
#######....# #.### .....
##..'....# #.# .....# #.########
#.# ..<..# ##..)...## #.# .....#
#######'## ..# ###.## JP÷P.JJ@.#
.## .. .P.P..JJJ# . .÷.JJ....# ..
..÷P.P...# ÷P.P...J.# (PJ..÷.P.#
##########


You could see 3 jellies and 7 endoplasms.

Vanquished Creatures
  Natasha (D:2)
  An adder (D:2)
  A dart slug (D:1)
  2 bats
  4 endoplasms
  A giant cockroach (D:2)
  4 hobgoblins (D:1)
  2 quokkas (D:1)
  2 ball pythons (D:1)
  A frilled lizard (D:1)
  3 goblins
  8 kobolds
  2 rats
32 creatures vanquished.

Notes
Turn   | Place    | Note
-------+----------+-------------------------------------------
     0 | D:1      | Mune the Demonspawn Berserker began the quest for the Orb.
     0 | D:1      | Reached XP level 1. HP: 18/18 MP: 1/1
    49 | D:1      | Discovered your monstrous ancestry.
    49 | D:1      | Gained mutation: You have a small tail. [demonic ancestry]
    49 | D:1      | Reached XP level 2. HP: 24/24 MP: 2/2
   295 | D:1      | Found a faded altar of an unknown god.
   563 | D:2      | Noticed Natasha
   574 | D:2      | Killed Natasha
   575 | D:2      | Reached XP level 3. HP: 29/29 MP: 3/3
   734 | D:2      | Reached ** piety under Trog
   735 | D:2      | Gained mutation: Your demonic aura sometimes causes spilled
                  | blood to erupt in flames. [demonic ancestry]
   735 | D:2      | Reached XP level 4. HP: 36/37 MP: 4/4
   750 | D:2      | HP: 1/37 [endoplasm (3)]
   750 | D:2      | Slain by a jelly

Illustrated notes

Levels and vault maps discovered:
D:1:      amcnicky_arrival_double_pillar, layout_rooms,
          ebering_ecumenical_altar_abandoned
D:2:      cheibrodos_fertilizer, layout_rooms, minmay_tetromino_s2, uniq_robin,
          uniq_natasha

Skill      XL: |  1  2 |
---------------+-------+-----
Armour         | 2 |  2.3
Dodging        | 2 |  2.0
Axes           | 3 |  3.4
Fighting       | |  3.8

Action                     |  1- 3 |  4- 6 || total
---------------------------+-------+-------++-------
  Melee: Hand axe          |    71 |     4 ||    75
         Tailslap          |     9 |     1 ||    10
         Punch             |     2 |       ||     2
 Invoke: Berserk           |     4 |       ||     4
         Trog's Hand       |       |     1 ||     1
   Stab: Sleeping          |       |     1 ||     1
 Armour: Animal skin       |    14 |       ||    14
  Dodge: Dodged            |    47 |     2 ||    49
